 Dungeon Crawl Stone Soup version 0.30-a0-297-g0ec75d9ef4 (webtiles) character file.

Game seed: 5681031723643359487

23 Lobster4 the Magician (level 3, -1/26 HPs)
             Began as a Human Wanderer on Oct 19, 2022.
             Slain by Natasha (5 damage)
             ... on level 2 of the Dungeon.
             The game lasted 00:02:47 (713 turns).

Lobster4 the Magician (Human Wanderer)               Turns: 713, Time: 00:02:47

Health: -1/26      AC:  7    Str: 11    XL:     3   Next: 10%
Magic:  9/9        EV: 10    Int: 10    God:
Gold:   144        SH:  5    Dex: 17    Spells: 11/12 levels left

rFire   . . .      SeeInvis .    a - +0 mace
rCold   . . .      Faith    .    e - +0 buckler {AC+3}
rNeg    . . .      Spirit   .    d - +0 robe
rPois   .          Reflect  .    (no helmet)
rElec   .          Harm     .    j - +0 cloak
rCorr   .          Rampage  .    b - +0 pair of gloves
Will    .....                    (no boots)
Stlth   ++........               (no amulet)
HPRegen 0.24/turn                (no ring)
MPRegen 0.11/turn                (no ring)

@: no status effects
A: no striking features
a: no special abilities


You were on level 2 of the Dungeon.
You visited 1 branch of the dungeon, and saw 2 of its levels.

You collected 144 gold pieces.

Inventory:

Hand Weapons
 a - a +0 mace (weapon)
 f - a +0 dagger
Missiles
 g - 17 stones
Armour
 b - a +0 pair of gloves (worn)
 d - a +0 robe (worn)
 e - a +0 buckler of protection (worn)
 j - a +0 cloak (worn)
Scrolls
 c - a scroll of fog
 i - a scroll of teleportation {unknown}
 k - a scroll of enchant armour {unknown}
Potions
 l - a potion of haste {unknown}


   Skills:
 + Level 1.3 Fighting
 + Level 2.7 Stealth
 - Level 3.0 Shields
 - Level 5.0 Spellcasting
 - Level 1.0 Translocations


You had 11 spell levels left.
You knew the following spells:

 Your Spells              Type           Power      Damage    Failure   Level
a - Apportation           Tloc           8%         N/A       21%         1

Your spell library contained the following spells:

 Spells                   Type           Power      Damage    Failure   Level
 Blink                    Tloc           8%         N/A       30%         2
 Vhi's Electric Charge    Tloc/Air       6%         N/A       58%         3
 Manifold Assault         Tloc           4%         N/A       89%         4
 Summon Lightning Spire   Summ/Air       2%         N/A       96%         4
 Storm Form               Tmut/Air       1%         N/A       100%        7
 Maxwell's Capacitive Co  Air            1%         ∞         100%        8


Dungeon Overview and Level Annotations

Branches:
Dungeon (2/15)

Altars:

Annotations:
D:2 Natasha


Message History

You feel yourself slow down.
You hit the ball python.
The ball python is moderately wounded.
The ball python bites you but does no damage.
The ball python grabs you. The ball python constricts you.
The ball python bites you but does no damage.
The ball python constricts you. You block Natasha's attack.
The ball python bites you but does no damage.
The ball python constricts you. Natasha claws you.
You closely miss the ball python.
The ball python is moderately wounded.
The ball python closely misses you. The ball python constricts you.
You block Natasha's attack.
The ball python bites you but does no damage.
The ball python constricts you. Natasha barely misses you.
The ball python bites you but does no damage.
The ball python constricts you.
You hit the ball python.
The ball python is severely wounded.
The ball python closely misses you. The ball python constricts you.
Natasha howls an incantation.
Natasha glows brightly for a moment.
Natasha barely misses you.
The ball python bites you but does no damage.
The ball python constricts you. Natasha claws you!
You hit the ball python.
You kill the ball python!
Natasha stares at you and mumbles some strange words.
The magic dart hits you. Natasha casts a spell at you. The magic dart hits you.
* * * LOW HITPOINT WARNING * * *
You barely miss Natasha. Natasha barely misses you. Natasha claws you.
* * * LOW HITPOINT WARNING * * *
It was a potion of cancellation.
Your magical effects are unravelling.
You feel magically purged.
You feel yourself speed up. Natasha claws you.
You die...

#.......##.## #.
#####.###### #. ##'## #.
##...## #) ##.....##
####. ##.......## ##<##.
..####.........####.....
.....'†h.......+........
#!@.......####.†.##
##.......## ##.##
##.....## #.# ##...##
#.# ##+## #.# #.# #.#


You could see Natasha.

Vanquished Creatures
  A dart slug (D:1)
  2 ball pythons
  4 bats
  An endoplasm (D:1)
  A giant cockroach (D:1)
  A hobgoblin (D:2)
  A frilled lizard (D:2)
  4 goblins (D:1)
  2 kobolds
  4 rats
21 creatures vanquished.

Notes
Turn   | Place    | Note
-------+----------+-------------------------------------------
     0 | D:1      | Lobster4 the Human Wanderer began the quest for the Orb.
     0 | D:1      | Lobster4 set off with the following items: a +0 dagger, a
                  | +0 pair of gloves, a scroll of fog, a +0 robe, a +0 buckler
                  | of protection; and the following spell memorised:
                  | Apportation; and the following spells available to
                  | memorise: Vhi's Electric Charge.
     0 | D:1      | Reached XP level 1. HP: 13/13 MP: 6/6
   300 | D:1      | Reached XP level 2. HP: 20/20 MP: 8/8
   510 | D:1      | Reached skill level 1 in Fighting
   510 | D:1      | Reached skill level 1 in Translocations
   654 | D:2      | Reached XP level 3. HP: 24/26 MP: 9/9
   703 | D:2      | Noticed Natasha
   713 | D:2      | Slain by Natasha

Illustrated notes

Levels and vault maps discovered:
D:1:      grunt_arrival_lava_bath, layout_loops_cross
D:2:      layout_loops_corners, uniq_sigmund, uniq_jessica, uniq_natasha

Skill      XL: |  1  2 |
---------------+-------+-----
Fighting       | 1 |  1.3
Translocations | 1 |  1.0
Stealth        | |  2.7
Shields        | |  3.0
Spellcasting   | |  5.0

Action                   || total
-------------------------++-------
Melee: Mace              ||    61
  Use: Potion            ||     1
 Stab: Sleeping          ||     5
Armor: Robe              ||    33
Dodge: Dodged            ||    38
Block: Buckler           ||    14

Table legend: (Time is in decaauts)
 A = Elapsed time spent in this place.
 B = Non-inter-level travel time spent in this place.
 C = Inter-level travel time spent in this place.
 D = Time resting spent in this place.
 E = Time spent auto-exploring this place.
 F = Levels seen in this place.
 G = Mean time per level.
                   A        B        C        D        E       F      G
               +--------+--------+--------+--------+--------+-----+--------+
         Total |    742 |    732 |     10 |      0 |    554 |   2 |  371.0 |
       Dungeon |    742 |    732 |     10 |      0 |    554 |   2 |  371.0 |
               +--------+--------+--------+--------+--------+-----+--------+

Top non-repeatable levels by time:
     D:1: 646 daAuts
     D:2: 96 daAuts
